 Dungeon Crawl Stone Soup version 0.15-a0-1914-g8cb84b8 (webtiles) character file.

4 patnam the Magician (level 1, -2/14 HPs)
             Began as a Ghoul Wizard on July 7, 2014.
             Slain by a kobold
             ... wielding a +0 short sword
              (3 damage)
             ... on Level 1 of the Dungeon.
             The game lasted 00:00:54 (514 turns).

patnam the Magician (Ghoul Wizard)                   Turns: 514, Time: 00:00:55

HP  -2/14        AC  2     Str 10      XL: 1   Next: 70%
MP   3/3         EV 11     Int 13      God:
Gold 28          SH  0     Dex  7      Spells:  1 memorised,  4 levels left

rFire  . . .     SeeInvis .       - Unarmed
rCold  + . .     Clarity  .     a - +0 robe
rNeg   + + +     rCorr    .     (no shield)
rPois  +         rRot     +     b - +0 hat
rElec  .         Spirit   .     (no cloak)
SustAb .         Warding  .     (no gloves)
rMut   .         Stasis   .     (no boots)
Saprov + + +                    (no amulet)
MR     .....                    (no ring)
                                (no ring)

@: rotting, not resistant to hostile enchantments, unstealthy
A: rotting body, claws 1, carnivore 3, cold resistance 1, negative energy
resistance 3, poison resistance, saprovore 3, slow healing 1, torment
resistance, unbreathing
a: no special abilities


You were on level 1 of the Dungeon.
You were not hungry.

You visited 1 branch of the dungeon, and saw 1 of its levels.

You collected 28 gold pieces.

Inventory:

Hand weapons
 h - a +3 short sword
Armour
 a - a +0 robe (worn)
 b - a +0 hat (worn)
Comestibles
 j - a meat ration
Scrolls
 d - a scroll of remove curse {unknown}
 f - 5 scrolls of identify {unknown}
 g - a scroll of teleportation {unknown}
Jewellery
 e - an uncursed amulet of stasis {unknown}
Potions
 i - a potion of curing {unknown}
Books
 c - a book of Minor Magic

   Spells                             Type                      Level
   *Magic Dart                        Conjuration                  1
   Blink                              Translocation                2
   Call Imp                           Summoning                    2
   Repel Missiles                     Charms/Air                   2
   Slow                               Hexes                        2
   Conjure Flame                      Conjuration/Fire             3
   Mephitic Cloud                     Conjuration/Poison/Air       3


   Skills:
 - Level 1.7 Dodging
 - Level 2.1 Stealth
 * Level 1.3 Unarmed Combat
 - Level 2.6 Spellcasting
 - Level 0.7 Conjurations
   Level 0.8 Summonings
   Level 0.8 Translocations


You had 4 spell levels left.
You knew the following spells:

 Your Spells              Type           Power        Failure   Level  Hunger
a - Magic Dart            Conj           #...         21%         1    #......


Dungeon Overview and Level Annotations

Branches:
Dungeon (1/15)

Altars:


Innate Abilities, Weirdness & Mutations

Your body is rotting away.
You have sharp fingernails.
You are carnivorous and can eat meat at any time.
Your flesh is cold resistant.
You are immune to negative energy.
Your system is resistant to poisons.
You thrive on rotten meat.
You heal slowly when monsters are visible.
You are immune to unholy pain and torment.
You can survive without breathing.


Message History

* * * LOW HITPOINT WARNING * * *
You are too injured to fight recklessly!
You closely miss the kobold.
The kobold is severely wounded.
The kobold hits you with a short sword.
* * * LOW HITPOINT WARNING * * *
You closely miss the kobold.
The kobold is severely wounded.
The kobold hits you with a short sword.
* * * LOW HITPOINT WARNING * * *
The kobold hits you but does no damage.
The kobold is no longer bleeding.
The kobold misses you.
You closely miss the kobold.
The kobold is severely wounded.
The kobold hits you with a short sword.
* * * LOW HITPOINT WARNING * * *
You closely miss the kobold.
The kobold is severely wounded.
The kobold hits you with a short sword.
You die...

#......#####...........((...
######......#
#..#.##%...###.##
............#
#..#...###.###.##
###########.#
###.####..##..##... .#
#...#####.....)#### .#
#...(..............
###.#########.....#
##.(..###### ##....#
#.K@........ ..(.. .
##....##...# ###.##
#####.....# # ..... .#...
.### # #


You could see a kobold.

Vanquished Creatures
  A bat (D:1)
  2 kobolds (D:1)
  A giant newt (D:1)
  A rat (D:1)
5 creatures vanquished.

Notes
Turn   | Place    | Note
--------------------------------------------------------------
     0 | D:1      | patnam, the Ghoul Wizard, began the quest for the Orb.
     0 | D:1      | Reached XP level 1. HP: 14/14 MP: 3/3
   395 | D:1      | Reached skill level 1 in Unarmed Combat
   514 | D:1      | Slain by a kobold

Action                   || total
-------------------------++-------
Melee: Unarmed           ||    30
 Cast: Magic Dart        ||     1
  Eat: Chunk             ||     1
